3024 views
Uploaded 2020-02-02 16:57:21
Game version 1.32 / 1.32.1
18:22 long 4on4 ladder game on (8)GolemsInTheMist_LV
Saved by BEARAND
3024 views
Uploaded 2020-02-02 16:57:21
Game version 1.32 / 1.32.1
18:22 long 4on4 ladder game on (8)GolemsInTheMist_LV


164 units @ 24.5k
/ 4k
95 buildings @ 11.9k
/ 5.2k


| Scroll of Regeneration | 2 | 200 |
| Lesser Clarity Potion | 1 | 70 |
| total: | 3 | 270g |
| Peasant | 21 | 1575 | / | 0 |
| Footman | 14 | 1890 | / | 0 |
| Mortar Team | 9 | 1620 | / | 630 |
| Rifleman | 12 | 2460 | / | 360 |
| Siege Engine | 2 | 390 | / | 120 |
| Gryphon Rider | 3 | 840 | / | 210 |
| total: | 61 | 8775g | / | 1320w |
| Scout Tower | 9 | 270 | / | 180 |
| Arcane Tower | 1 | 70 | / | 50 |
| Guard Tower | 1 | 70 | / | 50 |
| Altar of Kings | 1 | 180 | / | 50 |
| Farm | 12 | 960 | / | 240 |
| Barracks | 1 | 160 | / | 60 |
| Town Hall | 2 | 770 | / | 410 |
| Lumber Mill | 1 | 120 | / | 0 |
| Blacksmith | 1 | 140 | / | 60 |
| Arcane Vault | 1 | 130 | / | 30 |
| Gryphon Aviary | 1 | 140 | / | 150 |
| Workshop | 2 | 280 | / | 280 |
| Keep | 1 | 320 | / | 210 |
| Castle | 1 | 360 | / | 210 |
| total: | 31 | 3150g | / | 1460w |
| 0:02 | Peasant |
| 0:02 | Peasant |
| 0:12 | Altar of Kings |
| 0:29 | Farm |
| 0:32 | Barracks |
| 0:34 | Peasant |
| 0:34 | Peasant |
| 1:08 | Peasant |
| 1:08 | Peasant |
| 1:13 | Farm |
| 1:33 | Peasant |
| 1:35 | Footman |
| 1:58 | Footman |
| 2:04 | Farm |
| 2:10 | Peasant |
| 2:14 | Summon Water Elemental |
| 2:25 | Footman |
| 3:01 | Footman |
| 3:03 | Farm |
| 3:28 | Footman |
| 3:28 | Keep |
| 3:42 | Brilliance Aura |
| 3:46 | Scout Tower |
| 3:59 | Town Hall |
| 4:17 | Footman |
| 4:20 | Lumber Mill |
| 5:01 | Footman |
| 5:01 | Footman |
| 5:09 | Summon Water Elemental |
| 5:35 | Scout Tower |
| 5:37 | Peasant |
| 5:37 | Peasant |
| 5:55 | Footman |
| 5:55 | Footman |
| 5:57 | Peasant |
| 5:57 | Peasant |
| 5:58 | Peasant |
| 5:59 | Improved Lumber Harvesting |
| 6:08 | Scout Tower |
| 6:09 | Peasant |
| 6:09 | Peasant |
| 6:19 | Blacksmith |
| 6:43 | Peasant |
| 6:44 | Peasant |
| 6:45 | Gryphon Aviary |
| 7:02 | Footman |
| 7:02 | Footman |
| 7:45 | Castle |
| 7:54 | Footman |
| 7:54 | Footman |
| 8:00 | Workshop |
| 8:09 | Arcane Vault |
| 8:25 | Siphon Mana |
| 8:33 | Workshop |
| 8:35 | Farm |
| 9:04 | Black Gunpowder |
| 9:09 | Arcane Tower |
| 9:11 | Mortar Team |
| 9:11 | Mortar Team |
| 9:16 | Farm |
| 9:24 | Scroll of Regeneration |
| 9:24 | Lesser Clarity Potion |
| 9:38 | Mortar Team |
| 9:38 | Mortar Team |
| 9:46 | Flare |
| 9:56 | Scroll of Regeneration |
| 10:00 | Guard Tower |
| 10:11 | Rifleman |
| 10:11 | Rifleman |
| 10:14 | Fragmentation Shards |
| 10:18 | Siege Engine |
| 10:25 | Brilliance Aura |
| 10:35 | Gryphon Rider |
| 10:49 | Farm |
| 10:50 | Refined Gunpowder |
| 11:51 | Advanced Lumber Harvesting |
| 11:52 | Siege Engine |
| 11:56 | Farm |
| 12:16 | Farm |
| 12:27 | Town Hall |
| 12:32 | Mortar Team |
| 12:34 | Mortar Team |
| 12:35 | Studded Leather Armor |
| 12:35 | Imbued Gunpowder |
| 12:51 | Mortar Team |
| 13:15 | Barrage |
| 13:25 | Long Rifles |
| 13:27 | Reinforced Leather Armor |
| 13:33 | Rifleman |
| 13:49 | Rifleman |
| 13:50 | Rifleman |
| 14:23 | Farm |
| 14:48 | Rifleman |
| 15:27 | Rifleman |
| 15:27 | Rifleman |
| 15:31 | Flame Strike |
| 15:54 | Peasant |
| 15:54 | Peasant |
| 15:54 | Peasant |
| 15:54 | Peasant |
| 16:11 | Rifleman |
| 16:13 | Dragonhide Armor |
| 16:39 | Farm |
| 16:41 | Rifleman |
| 17:11 | Rifleman |
| 17:14 | Gryphon Rider |
| 17:14 | Gryphon Rider |
| 17:17 | Farm |
| 17:26 | Scout Tower |
| 17:28 | Scout Tower |
| 17:28 | Scout Tower |
| 17:29 | Scout Tower |
| 17:29 | Scout Tower |
| 17:30 | Scout Tower |
| 18:02 | Mortar Team |
| 18:02 | Mortar Team |
| 18:04 | Rifleman |
| Select | 485 |
| Right click | 479 |
| Select group | 234 |
| Build/train/purchase | 128 |
| Misc. action | 111 |
| Assign group | 22 |
| Use ability | 11 |
| Esc | 5 |
| Remove unit | 1 |
| Minimap ping | 1 |


| Rod of Necromancy | 3 | 450 |
| Sacrificial Skull | 1 | 50 |
| Orb of Corruption | 1 | 375 |
| total: | 5 | 875g |
| Acolyte | 3 | 225 | / | 0 |
| Ghoul | 2 | 240 | / | 0 |
| Crypt Fiend | 8 | 1720 | / | 320 |
| Obsidian Statue | 4 | 800 | / | 140 |
| Meat Wagon | 1 | 230 | / | 50 |
| Abomination | 1 | 240 | / | 70 |
| Frost Wyrm | 1 | 385 | / | 120 |
| total: | 20 | 3840g | / | 700w |
| Nerubian Tower | 1 | 100 | / | 20 |
| Graveyard | 1 | 215 | / | 0 |
| Crypt | 1 | 200 | / | 50 |
| Altar of Darkness | 2 | 360 | / | 100 |
| Ziggurat | 9 | 1350 | / | 450 |
| Tomb of Relics | 1 | 130 | / | 30 |
| Slaughterhouse | 1 | 140 | / | 135 |
| Sacrificial Pit | 1 | 75 | / | 150 |
| Boneyard | 1 | 175 | / | 200 |
| Halls of the Dead | 1 | 320 | / | 210 |
| Black Citadel | 1 | 325 | / | 230 |
| total: | 17 | 2645g | / | 1115w |
| 0:02 | Acolyte |
| 0:08 | Graveyard |
| 0:11 | Crypt |
| 0:17 | Acolyte |
| 0:41 | Altar of Darkness |
| 0:44 | Altar of Darkness |
| 0:56 | Ziggurat |
| 1:11 | Ghoul |
| 1:22 | Tomb of Relics |
| 1:47 | Crypt Fiend |
| 1:59 | Ziggurat |
| 2:21 | Crypt Fiend |
| 2:44 | Rod of Necromancy |
| 2:47 | Death Coil |
| 2:57 | Crypt Fiend |
| 3:22 | Nerubian Tower |
| 3:33 | Crypt Fiend |
| 4:22 | Halls of the Dead |
| 4:23 | Crypt Fiend |
| 5:12 | Ziggurat |
| 5:31 | Crypt Fiend |
| 5:47 | Rod of Necromancy |
| 6:16 | Crypt Fiend |
| 6:18 | Creature Attack |
| 6:47 | Black Citadel |
| 6:58 | Ghoul |
| 7:42 | Unholy Aura |
| 7:47 | Death Coil |
| 8:50 | Slaughterhouse |
| 9:10 | Sacrificial Skull |
| 9:11 | Orb of Corruption |
| 9:12 | Rod of Necromancy |
| 9:16 | Ziggurat |
| 9:30 | Frost Nova |
| 10:21 | Acolyte |
| 10:22 | Obsidian Statue |
| 10:57 | Obsidian Statue |
| 10:58 | Crypt Fiend |
| 12:12 | Meat Wagon |
| 13:38 | Sacrificial Pit |
| 14:44 | Obsidian Statue |
| 14:46 | Boneyard |
| 15:06 | Abomination |
| 16:19 | Ziggurat |
| 16:23 | Destroyer Form |
| 16:26 | Obsidian Statue |
| 17:56 | Frost Wyrm |
| 17:57 | Ziggurat |
| 17:58 | Ziggurat |
| 18:01 | Improved Creature Attack |
| 18:12 | Ziggurat |
| 18:13 | Ziggurat |
| 18:17 | Unholy Aura |
| 18:19 | Frost Nova |
| 18:19 | Frost Armor |
| Right click | 595 |
| Select | 319 |
| Build/train/purchase | 186 |
| Misc. action | 79 |
| Use ability | 37 |
| Assign group | 8 |
| Select group | 7 |

| Healing Salve | 2 | 200 |
| Scroll of Speed | 1 | 50 |
| Lesser Clarity Potion | 2 | 140 |
| Scroll of Town Portal | 1 | 350 |
| total: | 6 | 740g |
| Peon | 19 | 1425 | / | 0 |
| Grunt | 4 | 800 | / | 0 |
| Tauren | 10 | 2800 | / | 800 |
| Shaman | 13 | 1690 | / | 260 |
| total: | 46 | 6715g | / | 1060w |
| Watch Tower | 6 | 660 | / | 480 |
| Altar of Storms | 3 | 540 | / | 150 |
| Orc Burrow | 8 | 1280 | / | 320 |
| Barracks | 1 | 180 | / | 50 |
| Voodoo Lounge | 2 | 260 | / | 60 |
| War Mill | 1 | 205 | / | 0 |
| Great Hall | 1 | 385 | / | 185 |
| Spirit Lodge | 1 | 150 | / | 150 |
| Tauren Totem | 1 | 135 | / | 155 |
| Stronghold | 1 | 315 | / | 190 |
| Fortress | 1 | 325 | / | 190 |
| total: | 24 | 3795g | / | 1550w |
| 0:02 | Peon |
| 0:02 | Peon |
| 0:03 | Altar of Storms |
| 0:05 | Altar of Storms |
| 0:08 | Altar of Storms |
| 0:18 | Orc Burrow |
| 0:27 | Peon |
| 0:34 | Barracks |
| 0:42 | Peon |
| 0:52 | Peon |
| 1:02 | Peon |
| 1:16 | Peon |
| 1:26 | Orc Burrow |
| 1:36 | Grunt |
| 1:46 | Peon |
| 1:58 | Voodoo Lounge |
| 1:59 | Voodoo Lounge |
| 2:09 | Feral Spirit |
| 2:17 | Grunt |
| 2:31 | Peon |
| 2:59 | Peon |
| 2:59 | Peon |
| 2:59 | Peon |
| 3:24 | Stronghold |
| 3:49 | Chain Lighting |
| 4:36 | Grunt |
| 4:36 | Grunt |
| 4:38 | Orc Burrow |
| 4:40 | War Mill |
| 4:47 | Healing Salve |
| 4:51 | Scroll of Speed |
| 4:52 | Healing Salve |
| 5:21 | Feral Spirit |
| 6:09 | Fortress |
| 6:16 | Great Hall |
| 6:19 | Spirit Lodge |
| 6:40 | Steel Armor |
| 6:43 | Orc Burrow |
| 6:48 | Chain Lighting |
| 7:15 | Tauren Totem |
| 7:42 | Shaman Adept Training |
| 8:11 | Orc Burrow |
| 8:41 | Tauren |
| 8:41 | Tauren |
| 8:42 | Shaman |
| 8:43 | Shaman Master Training |
| 8:44 | Shaman |
| 9:03 | Shaman |
| 9:10 | Peon |
| 9:10 | Peon |
| 9:14 | Peon |
| 9:33 | Watch Tower |
| 9:36 | Peon |
| 10:21 | Peon |
| 10:28 | Tauren |
| 10:45 | Peon |
| 10:46 | Peon |
| 10:56 | Watch Tower |
| 10:57 | Watch Tower |
| 10:58 | Watch Tower |
| 10:58 | Watch Tower |
| 10:59 | Watch Tower |
| 11:17 | Tauren |
| 11:43 | Thorium Armor |
| 11:52 | Shaman |
| 12:06 | Orc Burrow |
| 12:09 | Lesser Clarity Potion |
| 12:45 | Tauren |
| 12:46 | Shaman |
| 13:08 | Feral Spirit |
| 13:13 | Tauren |
| 13:14 | Shaman |
| 13:14 | Shaman |
| 13:34 | Tauren |
| 13:50 | Shaman |
| 14:31 | Shaman |
| 14:31 | Shaman |
| 14:32 | Tauren |
| 14:45 | Tauren |
| 15:40 | Arcanite Armor |
| 15:43 | Orc Burrow |
| 16:10 | Tauren |
| 16:11 | Shaman |
| 16:22 | Orc Burrow |
| 16:34 | Shaman |
| 16:38 | Reinforced Defenses |
| 16:42 | Spiked Barricades |
| 17:03 | Pulverize |
| 17:18 | Lesser Clarity Potion |
| 17:41 | Scroll of Town Portal |
| 18:00 | Shaman |
| Right click | 966 |
| Select | 337 |
| Select group | 294 |
| Build/train/purchase | 122 |
| Assign group | 35 |
| Use ability | 18 |
| Minimap ping | 10 |
| Misc. action | 8 |
| Remove unit | 4 |
| Item give/drop | 1 |


| Scroll of Regeneration | 1 | 100 |
| total: | 1 | 100g |
| Peasant | 11 | 825 | / | 0 |
| Footman | 6 | 810 | / | 0 |
| Priest | 4 | 540 | / | 40 |
| Mortar Team | 9 | 1620 | / | 630 |
| Sorceress | 2 | 310 | / | 40 |
| Knight | 3 | 735 | / | 180 |
| Spell Breaker | 1 | 215 | / | 30 |
| Mud Golem | 1 | 145 | / | 10 |
| total: | 37 | 5200g | / | 930w |
| Scout Tower | 7 | 210 | / | 140 |
| Arcane Tower | 2 | 140 | / | 100 |
| Guard Tower | 2 | 140 | / | 100 |
| Altar of Kings | 1 | 180 | / | 50 |
| Barracks | 1 | 160 | / | 60 |
| Farm | 7 | 560 | / | 140 |
| Lumber Mill | 1 | 120 | / | 0 |
| Arcane Vault | 1 | 130 | / | 30 |
| Blacksmith | 1 | 140 | / | 60 |
| Town Hall | 1 | 385 | / | 205 |
| Cannon Tower | 1 | 120 | / | 100 |
| Arcane Sanctum | 1 | 150 | / | 140 |
| Workshop | 1 | 140 | / | 140 |
| Gryphon Aviary | 1 | 140 | / | 150 |
| Keep | 1 | 320 | / | 210 |
| Castle | 1 | 360 | / | 210 |
| total: | 23 | 2315g | / | 1115w |
| 0:01 | Peasant |
| 0:01 | Peasant |
| 0:09 | Altar of Kings |
| 0:19 | Barracks |
| 0:26 | Peasant |
| 0:35 | Farm |
| 0:38 | Peasant |
| 0:49 | Farm |
| 0:55 | Peasant |
| 1:09 | Peasant |
| 1:19 | Footman |
| 1:33 | Lumber Mill |
| 1:42 | Footman |
| 1:49 | Peasant |
| 2:06 | Scout Tower |
| 2:20 | Farm |
| 2:20 | Footman |
| 2:22 | Summon Water Elemental |
| 2:30 | Peasant |
| 2:39 | Arcane Tower |
| 2:41 | Scout Tower |
| 3:09 | Arcane Tower |
| 3:32 | Footman |
| 3:42 | Keep |
| 3:58 | Footman |
| 4:29 | Improved Masonry |
| 4:57 | Farm |
| 5:23 | Arcane Vault |
| 5:29 | Blacksmith |
| 5:41 | Footman |
| 6:09 | Arcane Sanctum |
| 6:11 | Improved Lumber Harvesting |
| 6:12 | Peasant |
| 6:12 | Peasant |
| 6:29 | Workshop |
| 6:39 | Scroll of Regeneration |
| 6:58 | Peasant |
| 7:00 | Farm |
| 7:21 | Brilliance Aura |
| 7:27 | Priest |
| 7:29 | Farm |
| 7:33 | Storm Bolt |
| 7:41 | Mortar Team |
| 7:59 | Priest |
| 8:05 | Farm |
| 8:07 | Mortar Team |
| 9:17 | Castle |
| 9:18 | Mortar Team |
| 9:30 | Thunder Clap |
| 10:22 | Sorceress |
| 10:23 | Mortar Team |
| 11:04 | Sorceress |
| 11:05 | Mortar Team |
| 11:07 | Black Gunpowder |
| 12:02 | Summon Water Elemental |
| 12:10 | Mud Golem |
| 12:15 | Knight |
| 12:21 | Flare |
| 12:22 | Fragmentation Shards |
| 12:23 | Mortar Team |
| 12:24 | Mortar Team |
| 13:23 | Priest |
| 13:24 | Priest |
| 14:40 | Storm Bolt |
| 14:47 | Town Hall |
| 14:49 | Scout Tower |
| 14:50 | Scout Tower |
| 15:16 | Animal War Training |
| 15:21 | Priest Adept Training |
| 15:25 | Cannon Tower |
| 15:59 | Scout Tower |
| 16:00 | Scout Tower |
| 16:01 | Scout Tower |
| 16:03 | Knight |
| 17:06 | Guard Tower |
| 17:18 | Priest Master Training |
| 17:27 | Guard Tower |
| 18:04 | Knight |
| 18:06 | Spell Breaker |
| 18:07 | Mortar Team |
| 18:07 | Mortar Team |
| 18:22 | Gryphon Aviary |
| Right click | 1206 |
| Select group | 839 |
| Select | 403 |
| Misc. action | 337 |
| Build/train/purchase | 121 |
| Assign group | 93 |
| Use ability | 24 |
| Minimap ping | 6 |
| Resource trade | 4 |
| Remove unit | 1 |
105 units @ 9.3k
/ 0.6k
188 buildings @ 11.1k
/ 5.9k



| Staff of Sanctuary | 3 | 750 |
| Orb of Fire | 1 | 325 |
| Healing Salve | 1 | 100 |
| total: | 5 | 1175g |
| Peasant | 18 | 1350 | / | 0 |
| total: | 18 | 1350g | / | 0w |
| Scout Tower | 64 | 1920 | / | 1280 |
| Guard Tower | 29 | 2030 | / | 1450 |
| Altar of Kings | 1 | 180 | / | 50 |
| Lumber Mill | 2 | 240 | / | 0 |
| Farm | 4 | 320 | / | 80 |
| Arcane Vault | 2 | 260 | / | 60 |
| Arcane Sanctum | 1 | 150 | / | 140 |
| Keep | 1 | 320 | / | 210 |
| Castle | 1 | 360 | / | 210 |
| total: | 74 | 3070g | / | 1610w |
| 0:00 | Peasant |
| 0:06 | Altar of Kings |
| 0:07 | Peasant |
| 0:18 | Lumber Mill |
| 0:20 | Peasant |
| 0:29 | Farm |
| 0:32 | Peasant |
| 0:45 | Peasant |
| 0:54 | Peasant |
| 1:18 | Scout Tower |
| 1:26 | Farm |
| 1:28 | Peasant |
| 1:37 | Scout Tower |
| 1:41 | Scout Tower |
| 1:43 | Peasant |
| 1:49 | Guard Tower |
| 1:51 | Peasant |
| 2:03 | Peasant |
| 2:08 | Improved Masonry |
| 2:15 | Guard Tower |
| 2:16 | Scout Tower |
| 2:17 | Scout Tower |
| 2:21 | Blizzard |
| 2:32 | Guard Tower |
| 2:40 | Scout Tower |
| 2:42 | Guard Tower |
| 2:45 | Scout Tower |
| 2:46 | Peasant |
| 3:00 | Peasant |
| 3:02 | Scout Tower |
| 3:02 | Scout Tower |
| 3:20 | Peasant |
| 3:22 | Guard Tower |
| 3:26 | Scout Tower |
| 3:28 | Scout Tower |
| 3:29 | Scout Tower |
| 3:36 | Scout Tower |
| 3:37 | Peasant |
| 3:46 | Guard Tower |
| 3:56 | Scout Tower |
| 3:57 | Scout Tower |
| 3:58 | Scout Tower |
| 3:59 | Scout Tower |
| 4:01 | Guard Tower |
| 4:09 | Guard Tower |
| 4:21 | Guard Tower |
| 4:23 | Guard Tower |
| 4:37 | Guard Tower |
| 4:38 | Guard Tower |
| 5:11 | Keep |
| 5:24 | Healing Salve |
| 5:28 | Scout Tower |
| 5:28 | Scout Tower |
| 5:33 | Lumber Mill |
| 6:07 | Guard Tower |
| 6:18 | Scout Tower |
| 6:19 | Scout Tower |
| 6:28 | Guard Tower |
| 6:47 | Farm |
| 7:11 | Scout Tower |
| 7:12 | Scout Tower |
| 7:13 | Scout Tower |
| 7:14 | Scout Tower |
| 7:14 | Scout Tower |
| 7:15 | Scout Tower |
| 7:33 | Advanced Masonry |
| 7:41 | Scout Tower |
| 7:48 | Guard Tower |
| 7:49 | Scout Tower |
| 7:50 | Scout Tower |
| 7:55 | Scout Tower |
| 7:55 | Scout Tower |
| 7:56 | Scout Tower |
| 8:11 | Scout Tower |
| 8:12 | Scout Tower |
| 8:16 | Scout Tower |
| 8:17 | Scout Tower |
| 8:17 | Scout Tower |
| 8:19 | Scout Tower |
| 8:21 | Scout Tower |
| 8:23 | Scout Tower |
| 8:38 | Scout Tower |
| 8:56 | Guard Tower |
| 8:58 | Scout Tower |
| 9:05 | Scout Tower |
| 9:06 | Scout Tower |
| 9:06 | Scout Tower |
| 9:27 | Castle |
| 9:38 | Storm Bolt |
| 10:04 | Guard Tower |
| 10:40 | Arcane Vault |
| 11:13 | Arcane Vault |
| 11:29 | Guard Tower |
| 11:55 | Scout Tower |
| 11:56 | Scout Tower |
| 12:07 | Scout Tower |
| 12:08 | Scout Tower |
| 12:08 | Scout Tower |
| 12:09 | Scout Tower |
| 12:11 | Imbued Masonry |
| 12:20 | Peasant |
| 12:20 | Peasant |
| 12:24 | Guard Tower |
| 12:25 | Scout Tower |
| 12:26 | Scout Tower |
| 12:43 | Staff of Sanctuary |
| 12:52 | Guard Tower |
| 12:53 | Scout Tower |
| 13:18 | Holy Light |
| 13:21 | Guard Tower |
| 13:51 | Scout Tower |
| 13:52 | Scout Tower |
| 14:13 | Staff of Sanctuary |
| 14:46 | Guard Tower |
| 14:48 | Scout Tower |
| 15:01 | Scout Tower |
| 15:02 | Scout Tower |
| 15:08 | Arcane Sanctum |
| 15:23 | Brilliance Aura |
| 15:35 | Scout Tower |
| 15:35 | Scout Tower |
| 15:35 | Guard Tower |
| 15:51 | Guard Tower |
| 15:58 | Peasant |
| 15:58 | Peasant |
| 16:07 | Guard Tower |
| 16:26 | Orb of Fire |
| 16:26 | Guard Tower |
| 16:32 | Guard Tower |
| 16:33 | Guard Tower |
| 16:36 | Scout Tower |
| 16:49 | Scout Tower |
| 16:54 | Staff of Sanctuary |
| 17:57 | Farm |
| Right click | 1285 |
| Select | 588 |
| Select group | 265 |
| Assign group | 107 |
| Build/train/purchase | 86 |
| Use ability | 49 |
| Minimap ping | 4 |
| Item give/drop | 1 |
iggythefisk
(18:18) : 

| Scroll of Regeneration | 5 | 500 |
| total: | 5 | 500g |
| Peasant | 48 | 3600 | / | 0 |
| total: | 48 | 3600g | / | 0w |
| Scout Tower | 41 | 1230 | / | 820 |
| Arcane Tower | 4 | 280 | / | 200 |
| Guard Tower | 23 | 1610 | / | 1150 |
| Altar of Kings | 1 | 180 | / | 50 |
| Lumber Mill | 2 | 240 | / | 0 |
| Farm | 2 | 160 | / | 40 |
| Arcane Vault | 1 | 130 | / | 30 |
| Keep | 1 | 320 | / | 210 |
| total: | 47 | 1940g | / | 940w |
| 0:01 | Peasant |
| 0:03 | Altar of Kings |
| 0:07 | Peasant |
| 0:20 | Lumber Mill |
| 0:23 | Peasant |
| 0:32 | Farm |
| 0:35 | Peasant |
| 0:55 | Peasant |
| 1:04 | Peasant |
| 1:12 | Scout Tower |
| 1:14 | Farm |
| 1:15 | Peasant |
| 1:29 | Peasant |
| 1:45 | Improved Masonry |
| 1:55 | Scout Tower |
| 1:58 | Peasant |
| 2:05 | Blizzard |
| 2:07 | Peasant |
| 2:11 | Scout Tower |
| 2:21 | Arcane Tower |
| 2:23 | Scout Tower |
| 2:24 | Peasant |
| 2:38 | Peasant |
| 2:45 | Scout Tower |
| 2:46 | Guard Tower |
| 2:56 | Guard Tower |
| 3:10 | Scout Tower |
| 3:14 | Guard Tower |
| 3:25 | Peasant |
| 3:41 | Peasant |
| 3:58 | Peasant |
| 3:58 | Peasant |
| 4:33 | Scout Tower |
| 4:35 | Scout Tower |
| 4:36 | Scout Tower |
| 4:40 | Scout Tower |
| 4:42 | Peasant |
| 4:43 | Peasant |
| 4:43 | Peasant |
| 4:55 | Peasant |
| 5:03 | Guard Tower |
| 5:18 | Peasant |
| 5:26 | Peasant |
| 5:32 | Peasant |
| 5:46 | Scout Tower |
| 5:46 | Scout Tower |
| 6:04 | Scout Tower |
| 6:04 | Scout Tower |
| 6:06 | Peasant |
| 6:15 | Arcane Tower |
| 6:24 | Guard Tower |
| 6:34 | Guard Tower |
| 6:45 | Peasant |
| 6:55 | Scout Tower |
| 6:58 | Scout Tower |
| 7:13 | Peasant |
| 7:14 | Guard Tower |
| 8:00 | Arcane Vault |
| 8:20 | Scout Tower |
| 8:21 | Scout Tower |
| 8:31 | Peasant |
| 8:31 | Peasant |
| 8:50 | Arcane Tower |
| 8:53 | Scout Tower |
| 8:57 | Guard Tower |
| 9:03 | Peasant |
| 9:03 | Peasant |
| 9:17 | Scout Tower |
| 9:26 | Arcane Tower |
| 10:01 | Peasant |
| 10:01 | Peasant |
| 10:01 | Peasant |
| 10:08 | Brilliance Aura |
| 10:10 | Peasant |
| 10:10 | Peasant |
| 10:13 | Scout Tower |
| 10:14 | Scout Tower |
| 10:20 | Peasant |
| 10:32 | Scout Tower |
| 10:32 | Scout Tower |
| 10:44 | Peasant |
| 10:45 | Guard Tower |
| 11:08 | Guard Tower |
| 11:08 | Guard Tower |
| 11:09 | Scout Tower |
| 11:09 | Scout Tower |
| 11:15 | Peasant |
| 11:33 | Scout Tower |
| 11:33 | Scout Tower |
| 11:49 | Peasant |
| 11:50 | Guard Tower |
| 11:52 | Scout Tower |
| 11:53 | Scout Tower |
| 12:13 | Keep |
| 12:25 | Scroll of Regeneration |
| 12:28 | Guard Tower |
| 12:43 | Guard Tower |
| 12:45 | Guard Tower |
| 13:20 | Scout Tower |
| 13:21 | Scout Tower |
| 13:22 | Scout Tower |
| 13:27 | Scout Tower |
| 13:27 | Scout Tower |
| 13:48 | Guard Tower |
| 13:55 | Guard Tower |
| 14:34 | Guard Tower |
| 15:07 | Scout Tower |
| 15:15 | Peasant |
| 15:15 | Peasant |
| 15:16 | Peasant |
| 15:16 | Peasant |
| 15:30 | Peasant |
| 15:50 | Blizzard |
| 16:05 | Peasant |
| 16:06 | Guard Tower |
| 16:12 | Storm Bolt |
| 16:13 | Scroll of Regeneration |
| 16:16 | Guard Tower |
| 16:17 | Scout Tower |
| 16:19 | Scout Tower |
| 16:20 | Scout Tower |
| 16:21 | Peasant |
| 16:32 | Peasant |
| 16:32 | Peasant |
| 17:04 | Guard Tower |
| 17:14 | Scroll of Regeneration |
| 17:16 | Scroll of Regeneration |
| 17:25 | Guard Tower |
| 17:38 | Scroll of Regeneration |
| 17:57 | Scout Tower |
| 17:58 | Scout Tower |
| 18:15 | Lumber Mill |
| Right click | 1064 |
| Assign group | 711 |
| Select | 380 |
| Select group | 297 |
| Build/train/purchase | 132 |
| Use ability | 27 |
| Misc. action | 26 |
| Resource trade | 13 |
| Chat | 4 |
| Remove unit | 1 |
| Minimap ping | 1 |
BEARAND
(18:20) : 


| Potion of Healing | 1 | 150 |
| Lesser Clarity Potion | 6 | 420 |
| Potion of Mana | 3 | 600 |
| Staff of Sanctuary | 3 | 750 |
| Healing Salve | 5 | 500 |
| total: | 18 | 2420g |
| Peasant | 15 | 1125 | / | 0 |
| Gryphon Rider | 4 | 1120 | / | 280 |
| total: | 19 | 2245g | / | 280w |
| Scout Tower | 23 | 690 | / | 460 |
| Arcane Tower | 3 | 210 | / | 150 |
| Guard Tower | 18 | 1260 | / | 900 |
| Altar of Kings | 1 | 180 | / | 50 |
| Farm | 5 | 400 | / | 100 |
| Lumber Mill | 1 | 120 | / | 0 |
| Blacksmith | 1 | 140 | / | 60 |
| Arcane Vault | 2 | 260 | / | 60 |
| Gryphon Aviary | 1 | 140 | / | 150 |
| Keep | 1 | 320 | / | 210 |
| Castle | 1 | 360 | / | 210 |
| total: | 34 | 1930g | / | 880w |
| 0:03 | Peasant |
| 0:04 | Peasant |
| 0:10 | Altar of Kings |
| 0:23 | Farm |
| 0:25 | Peasant |
| 0:44 | Farm |
| 0:46 | Peasant |
| 0:46 | Peasant |
| 1:05 | Lumber Mill |
| 1:07 | Peasant |
| 1:26 | Peasant |
| 1:27 | Peasant |
| 1:43 | Peasant |
| 1:56 | Scout Tower |
| 2:02 | Peasant |
| 2:11 | Scout Tower |
| 2:15 | Blizzard |
| 2:20 | Peasant |
| 2:21 | Arcane Tower |
| 2:23 | Scout Tower |
| 2:34 | Scout Tower |
| 2:44 | Arcane Tower |
| 2:45 | Scout Tower |
| 2:50 | Scout Tower |
| 3:01 | Guard Tower |
| 3:03 | Peasant |
| 3:03 | Peasant |
| 3:14 | Guard Tower |
| 3:35 | Guard Tower |
| 3:36 | Scout Tower |
| 3:37 | Scout Tower |
| 3:42 | Scout Tower |
| 3:43 | Scout Tower |
| 3:45 | Scout Tower |
| 3:46 | Peasant |
| 4:04 | Healing Salve |
| 4:23 | Guard Tower |
| 4:23 | Scout Tower |
| 4:25 | Guard Tower |
| 4:26 | Peasant |
| 4:53 | Guard Tower |
| 5:00 | Guard Tower |
| 5:08 | Guard Tower |
| 5:19 | Scout Tower |
| 5:29 | Arcane Tower |
| 5:51 | Keep |
| 6:04 | Scout Tower |
| 6:06 | Scout Tower |
| 6:06 | Scout Tower |
| 6:07 | Scout Tower |
| 6:17 | Healing Salve |
| 6:21 | Farm |
| 6:21 | Farm |
| 6:35 | Scout Tower |
| 6:35 | Scout Tower |
| 6:36 | Scout Tower |
| 6:36 | Scout Tower |
| 6:42 | Guard Tower |
| 6:46 | Guard Tower |
| 7:24 | Guard Tower |
| 8:01 | Guard Tower |
| 8:11 | Guard Tower |
| 8:17 | Improved Masonry |
| 8:18 | Improved Lumber Harvesting |
| 9:00 | Castle |
| 9:12 | Storm Bolt |
| 9:37 | Healing Salve |
| 9:38 | Potion of Healing |
| 10:33 | Healing Salve |
| 10:33 | Lesser Clarity Potion |
| 10:33 | Lesser Clarity Potion |
| 10:51 | Gryphon Aviary |
| 10:51 | Blacksmith |
| 11:13 | Arcane Vault |
| 11:15 | Arcane Vault |
| 12:00 | Lesser Clarity Potion |
| 12:00 | Lesser Clarity Potion |
| 12:01 | Healing Salve |
| 12:09 | Advanced Masonry |
| 12:10 | Advanced Lumber Harvesting |
| 12:19 | Lesser Clarity Potion |
| 12:46 | Potion of Mana |
| 12:52 | Holy Light |
| 13:23 | Scout Tower |
| 13:23 | Scout Tower |
| 13:24 | Staff of Sanctuary |
| 13:29 | Lesser Clarity Potion |
| 13:55 | Potion of Mana |
| 14:46 | Staff of Sanctuary |
| 15:25 | Brilliance Aura |
| 15:31 | Gryphon Rider |
| 15:31 | Gryphon Rider |
| 15:32 | Storm Hammers |
| 15:34 | Farm |
| 16:37 | Staff of Sanctuary |
| 16:42 | Potion of Mana |
| 18:08 | Gryphon Rider |
| 18:08 | Gryphon Rider |
| Right click | 2382 |
| Select | 384 |
| Select group | 191 |
| Build/train/purchase | 125 |
| Use ability | 65 |
| Minimap ping | 39 |
| Resource trade | 9 |
| Assign group | 8 |
| Misc. action | 8 |
| Chat | 4 |
| Item give/drop | 1 |
IcebergSlim
(18:17) : 

| Healing Salve | 2 | 200 |
| Lesser Clarity Potion | 1 | 70 |
| Orb of Lightning | 2 | 750 |
| Boots of Speed | 2 | 500 |
| Staff of Teleportation | 1 | 150 |
| total: | 8 | 1670g |
| Peon | 13 | 975 | / | 0 |
| Troll Batrider | 7 | 1120 | / | 280 |
| total: | 20 | 2095g | / | 280w |
| Watch Tower | 22 | 2420 | / | 1760 |
| Altar of Storms | 1 | 180 | / | 50 |
| Orc Burrow | 4 | 640 | / | 160 |
| War Mill | 1 | 205 | / | 0 |
| Voodoo Lounge | 2 | 260 | / | 60 |
| Beastiary | 3 | 435 | / | 420 |
| Stronghold | 1 | 315 | / | 190 |
| Fortress | 1 | 325 | / | 190 |
| total: | 33 | 4140g | / | 2450w |
| 0:02 | Peon |
| 0:02 | Peon |
| 0:05 | Altar of Storms |
| 0:18 | Orc Burrow |
| 0:24 | Peon |
| 0:39 | Peon |
| 0:48 | War Mill |
| 1:02 | Peon |
| 1:16 | Peon |
| 1:34 | Peon |
| 1:36 | Peon |
| 1:47 | Voodoo Lounge |
| 1:58 | Orc Burrow |
| 2:11 | Voodoo Lounge |
| 2:15 | Wind Walk |
| 2:21 | Peon |
| 2:21 | Peon |
| 2:46 | Peon |
| 2:47 | Peon |
| 2:53 | Watch Tower |
| 3:10 | Peon |
| 3:43 | Watch Tower |
| 3:47 | Stronghold |
| 4:00 | Watch Tower |
| 4:52 | Watch Tower |
| 5:03 | Watch Tower |
| 5:23 | Orc Burrow |
| 5:55 | Watch Tower |
| 6:13 | Watch Tower |
| 7:01 | Watch Tower |
| 7:02 | Watch Tower |
| 7:09 | Watch Tower |
| 7:18 | Watch Tower |
| 7:41 | Hex |
| 8:13 | Watch Tower |
| 8:33 | Beastiary |
| 8:35 | Fortress |
| 8:45 | Healing Salve |
| 8:49 | Lesser Clarity Potion |
| 9:03 | Boots of Speed |
| 9:03 | Staff of Teleportation |
| 9:04 | Boots of Speed |
| 9:18 | Watch Tower |
| 9:20 | Reinforced Defenses |
| 9:44 | Critical Strike |
| 9:50 | Beastiary |
| 9:51 | Troll Batrider |
| 10:32 | Watch Tower |
| 10:55 | Troll Batrider |
| 10:58 | Liquid Fire |
| 11:11 | Orb of Lightning |
| 11:25 | Beastiary |
| 11:41 | Troll Batrider |
| 12:12 | Watch Tower |
| 12:46 | Troll Batrider |
| 12:47 | Troll Batrider |
| 12:59 | Watch Tower |
| 14:15 | Watch Tower |
| 14:36 | Watch Tower |
| 15:40 | Watch Tower |
| 16:10 | Healing Salve |
| 16:14 | Orb of Lightning |
| 16:40 | Troll Batrider |
| 16:46 | Watch Tower |
| 16:47 | Watch Tower |
| 17:53 | Troll Batrider |
| 17:56 | Orc Burrow |
| 17:57 | Watch Tower |
| Right click | 1557 |
| Select | 249 |
| Select group | 227 |
| Build/train/purchase | 55 |
| Misc. action | 23 |
| Use ability | 18 |
| Assign group | 8 |
| Minimap ping | 6 |
| Resource trade | 5 |
| Chat | 4 |
| Item give/drop | 3 |
⇛